 Dungeon Crawl Stone Soup version 0.24-a0-420-g24607be9ce (webtiles) character file.

Game seed: 13941137589887794387

380 Amnesiac the Insei (level 6, -1/42 HPs)
             Began as an Octopode Transmuter on June 11, 2019.
             Slain by a phantom (4 damage)
             ... on level 5 of the Dungeon.
             The game lasted 00:08:45 (1742 turns).

Amnesiac the Insei (Octopode Transmuter)            Turns: 1742, Time: 00:08:46

Health: -1/42      AC:  1    Str: 10    XL:     6   Next: 75%
Magic:  1/9        EV: 15    Int: 20    God:
Gold:   83         SH:  0    Dex: 14    Spells: 7/10 levels left

rFire    . . .     SeeInvis .     - Unarmed
rCold    . . .     Gourm    .   (no shield)
rNeg     . . .     Faith    .   (helmet restricted)
rPois    .         Spirit   .   (no amulet)
rElec    .         Reflect  .   i - ring of protection from magic
rCorr    .         Harm     .   (no ring)
MR       +....                  (no ring)
Stlth    +++.......             (no ring)
HPRegen  0.14/turn              (no ring)
MPRegen  0.11/turn              (no ring)
                                (no ring)
                                (no ring)

@: brilliant
A: almost no armour, stealthy swim, amphibious, 8 rings, constrict 8, camouflage
1, gelatinous body 1
a: no special abilities


You were on level 5 of the Dungeon.
You were not hungry.

You visited 2 branches of the dungeon, and saw 7 of its levels.

You collected 83 gold pieces.

Inventory:

Missiles
 a - 56 arrows
 b - 22 poisoned darts (quivered)
 j - 2 throwing nets
Armour
 d - a cursed +0 shield
Jewellery
 i - a ring of protection from magic (left tentacle)
Scrolls
 e - a scroll of magic mapping {!r}
 f - 2 scrolls of identify {!r}
Comestibles
 c - a ration


   Skills:
 + Level 3.4 Fighting
 * Level 4.2 Dodging
 + Level 1.6 Stealth
 * Level 4.3 Unarmed Combat
 - Level 2.5 Spellcasting
 - Level 2.5 Transmutations


You had 7 spell levels left.
You knew the following spells:

 Your Spells              Type           Power        Failure   Level  Hunger
a - Beastly Appendage     Tmut           ###...       1%          1    None
b - Sticks to Snakes      Tmut           ###.....     1%          2    ##.....

Your spell library contained the following spells:

 Spells                   Type           Power        Failure   Level  Hunger
 Animate Skeleton         Necr           N/A          1%          1    None
 Apportation              Tloc           ##....       1%          1    None
 Confusing Touch          Hex            ##....       1%          1    None
 Summon Small Mammal      Summ           ##..         1%          1    None
 Spider Form              Tmut/Pois      ###.......   3%          3    ###....
 Ice Form                 Ice/Tmut       ###.....     10%         4    ####...
 Blade Hands              Tmut           ###.......   16%         5    ######.


Dungeon Overview and Level Annotations

Branches:
Dungeon (6/15)             Temple (1/1) D:6

Altars:
Cheibriados
Dithmenos
Elyvilon
Gozag
Hepliaklqana
Kikubaaqudgha
Makhleb
Nemelex Xobeh
Okawaru
Ru
Trog
Uskayaw
Vehumet
Xom
Yredelemnul
Zin
The Shining One


Innate Abilities, Weirdness & Mutations

You cannot wear most types of armour.
You are very stealthy in the water. (Stealth+)
You are amphibious.
You can wear up to eight rings at the same time.
You can use your tentacles to constrict eight enemies at once.
Your skin changes colour to match your surroundings (Stealth+).
Your rubbery body absorbs attacks. (AC +1, EV +1)


Message History

You tentacle-slap the phantom.
The phantom is lightly damaged.
The phantom blinks!
The phantom misses you.
You closely miss the phantom.
The phantom is moderately damaged.
You closely miss the phantom.
The phantom is moderately damaged.
The phantom hits you!
* * * LOW HITPOINT WARNING * * *
You bludgeon the phantom!
The phantom is heavily damaged.
The phantom hits you!
* * * LOW HITPOINT WARNING * * *
The phantom blinks!
Really quaff
h - a dark potion {!q}?
It was a potion of brilliance {!q}.
You feel clever all of a sudden.
You aren't carrying any potions.
Casting: Sticks to Snakes (safe; 1% risk of failure)
Confirm with . or Enter, or press ? or * to list all spells.
You create 2 snakes!
You now have 59 arrows.
The phantom blinks!
The gnoll barely misses your ball python.
Unknown command.
Casting: Sticks to Snakes (safe; 1% risk of failure)
Confirm with . or Enter, or press ? or * to list all spells.
You create 2 snakes!
You now have 57 arrows.
The gnoll hits your ball python!
Your ball python dies!
You swap places.
The phantom blinks!
The gnoll misses your adder.
Something unseen opens the door.
The gnoll hits your ball python.
Your ball python grabs the gnoll.
Your ball python constricts the gnoll.
Really read
f - 2 scrolls of identify {!r}?
Okay, then.
Really read
g - a scroll of immolation {!r}? [Y]es or [N]o only, please.
Really read
g - a scroll of immolation {!r}?
Really read the scroll of immolation?
As you read the scroll of immolation {!r}, it crumbles to dust.
The creatures around you are filled with an inner flame!
Your ball python constricts the gnoll.
The gnoll hits your ball python.
Your ball python explodes!
The fiery explosion engulfs the gnoll!!!
The gnoll explodes!
You feel a bit more experienced.
The fiery explosion engulfs your adder!!
Your adder explodes!
The fiery explosion engulfs your ball python!!
Your ball python explodes!
The fiery explosion engulfs your adder!!
Your adder explodes!
The fiery explosion engulfs your ball python!!
Your ball python explodes!
The phantom blinks!
You close the door.
You start resting.
The phantom is too close now for your liking.
The phantom closely misses you.
Casting: Sticks to Snakes (safe; 1% risk of failure)
Confirm with . or Enter, or press ? or * to list all spells.
You create a snake!
You now have 56 arrows.
The phantom misses you. The phantom misses you.
Your adder is engulfed in blazing flames.
The phantom hits you.
You die...

######...####.#
*,<,* *,* #####
#.# *,,.# *,*
#g#**,,.###,*
#§+,,,♣...+,*
#○##,,...****
#.§##,..**
##§†##.#*
##§S#'# ##@W.#
#####


You could see a phantom and a friendly adder.

Vanquished Creatures
  A sky beast (D:6)
  A crimson imp (D:6)
  A hound (D:5)
  A bullfrog skeleton (D:5)
  An orc priest (D:6)
  A jelly (D:5)
  A hound zombie (D:6)
  2 gnolls (D:5)
  3 adders
  A shadow imp (D:5)
  An ooze (D:4)
  2 leopard geckos
  An orc (D:6)
  A bat (D:1)
  A hobgoblin (D:2)
  A jackal (D:6)
  A quokka (D:4)
  A frilled lizard (D:2)
  3 goblins
  2 kobolds
  A quokka skeleton (D:5)
28 creatures vanquished.

Vanquished Creatures (collateral kills)
  An orc wizard (D:6)
  A hound (D:5)
2 creatures vanquished.

Grand Total: 30 creatures vanquished

Notes
Turn   | Place    | Note
-------+----------+-------------------------------------------
     0 | D:1      | Amnesiac the Octopode Transmuter began the quest for the
                  | Orb.
     0 | D:1      | Reached XP level 1. HP: 13/13 MP: 3/3
   282 | D:2      | Reached XP level 2. HP: 15/18 MP: 5/5
   286 | D:2      | Learned a level 2 spell: Sticks to Snakes
   343 | D:4      | Found a glowing golden altar of the Shining One.
   370 | D:4      | Reached XP level 3. HP: 20/23 MP: 6/6
   374 | D:5      | Entered Level 5 of the Dungeon
   381 | D:6      | Found a staircase to the Ecumenical Temple.
   389 | Temple   | Entered the Ecumenical Temple
   614 | D:6      | Reached XP level 4. HP: 28/30 MP: 4/7
   678 | D:6      | Reached XP level 5. HP: 20/36 MP: 8/8
   985 | D:6      | Noticed a sky beast
  1064 | D:5      | Reached XP level 6. HP: 11/42 MP: 9/9
  1200 | D:5      | Noticed a phantom
  1300 | D:6      | Killed a sky beast
  1300 | D:6      | Reached skill level 1 in Stealth
  1704 | D:5      | Noticed an ice beast
  1726 | D:5      | HP: 1/42 [phantom (8)]
  1742 | D:5      | Slain by a phantom

Levels and vault maps discovered:
D:1:      nzn_arrival_water_spiral, layout_rooms, minmay_cut_off
D:2:      layout_basic, roderic_nine_men_s_morris, uniq_terence
D:3:      layout_loops_ring, lemuel_round_altar, first_ration, elyvilon_altar_3
D:4:      layout_basic, minmay_overflow_temple_star_quad,
          overflow_temple_1_default, nicolae_elemental_shop, uniq_ijyb
D:5:      layout_loops_ring, basic_altar, grunt_ministairs_15
D:6:      layout_rooms, minmay_temple_entry_butterflies, uniq_crazy_yiuf_cottage
Temple:   eino_temple_scatter_basement

Skill      XL: |  1  2  3  4  5  6 |
---------------+-------------------+-----
Fighting       | 2 3 |  3.4
Dodging        | 3 4 |  4.2
Stealth        | 1 |  1.6
Unarmed Combat | 4 |  4.3
Spellcasting   | |  2.5
Transmutations | |  2.5

Action                   |  1- 3 |  4- 6 || total
-------------------------+-------+-------++-------
Melee: Unarmed           |    34 |    65 ||    99
       Constrict         |     7 |    15 ||    22
       Punch             |     2 |     2 ||     4
       Tentacles         |     3 |    13 ||    16
       Kick              |       |     3 ||     3
Throw: Dart              |       |     7 ||     7
 Cast: Sticks to Snakes  |     2 |     6 ||     8
       Beastly Appendage |       |     1 ||     1
  Use: Scroll            |       |     5 ||     5
       Potion            |       |     2 ||     2
 Stab: Sleeping          |     1 |     1 ||     2
  Eat: Ration            |       |     1 ||     1
Armor: Skin              |     3 |     8 ||    11
Dodge: Dodged            |    16 |    44 ||    60

Table legend:
 A = Non-vault XP
 B = Vault XP
 C = Vault XP percentage of total XP
 D = Non-vault monster count
 E = Vault monster count
 F = Vault count percentage of total count
                 A         B        C        D         E       F
            +---------+---------+-------+---------+---------+-------
      Total |     544 |       0 |   0.0 |      30 |       0 |   0.0
            +---------+---------+-------+---------+---------+-------
        D:1 |       4 |       0 |   0.0 |       3 |       0 |   0.0
        D:2 |       6 |       0 |   0.0 |       4 |       0 |   0.0
        D:3 |      14 |       0 |   0.0 |       2 |       0 |   0.0
        D:4 |      12 |       0 |   0.0 |       3 |       0 |   0.0
        D:5 |     188 |       0 |   0.0 |       8 |       0 |   0.0
        D:6 |     320 |       0 |   0.0 |      10 |       0 |   0.0
            +---------+---------+-------+---------+---------+-------
